 Dungeon Crawl Stone Soup version 0.17-a0-1194-gc654e57 (webtiles) character file.

40 Geeful the Skirmisher (level 3, 0/29 HPs)
             Began as a Demonspawn Abyssal Knight on June 2, 2015.
             Was a Follower of Lugonu.
             Succumbed to an adder's poison
             ... on level 2 of the Dungeon.
             The game lasted 00:06:31 (1433 turns).

Geeful the Skirmisher (Demonspawn Abyssal Knight)   Turns: 1433, Time: 00:06:31

Health: 0/29       AC:  4    Str: 12    XL:     3   Next: 30%
Magic:  4/4        EV: 11    Int: 13    God:    Lugonu [*.....]
Gold:   176        SH:  0    Dex: 13    Spells: 0 memorised, 2 levels left

rFire  . . .     SeeInvis .     a - +1 short sword
rCold  . . .     Clarity  .     b - +0 leather armour
rNeg   . . .     SustAt   .     (no shield)
rPois  .         Gourm    .     (no helmet)
rElec  .         Spirit   .     (no cloak)
rCorr  .         Warding  .     (no gloves)
rMut   .         Stasis   .     j - +0 pair of boots
MR     .....                    (no amulet)
Stlth  ++........               (no ring)
                                (no ring)

@: lethally poisoned (0 -> -4), not resistant to hostile enchantments,
unstealthy
A: talons 1
a: Depart the Abyss, Renounce Religion


You were on level 2 of the Dungeon.
You worshipped Lugonu.
Lugonu was aware of your devotion.
You were not hungry.

You visited 1 branch of the dungeon, and saw 2 of its levels.
You visited the Abyss 1 time.

You collected 176 gold pieces.

Inventory:

Hand weapons
 a - a +1 short sword (weapon)
Missiles
 e - a tomahawk (quivered)
 g - 6 curare-tipped needles
 k - 7 poisoned needles
Armour
 b - a +0 leather armour (worn)
 j - a +0 pair of boots (worn)
Scrolls
 f - a scroll of remove curse {unknown}
 h - a scroll of teleportation
 i - a scroll of identify {unknown}
Comestibles
 c - a bread ration
 d - 4 chunks of flesh
 l - a meat ration


   Skills:
 + Level 3.3 Fighting
 + Level 2.1 Short Blades
 - Level 1.7 Armour
 + Level 1.5 Dodging
 * Level 1.7 Stealth
 - Level 2.4 Invocations


You had 2 spell levels left.
You didn't know any spells.

Dungeon Overview and Level Annotations

Branches:
Dungeon (2/15)

Altars:
Xom


Innate Abilities, Weirdness & Mutations

You have sharp toenails.


Message History

You see here a chunk of flesh.
d - 4 chunks of flesh (gained 1)
* * * LOW HITPOINT WARNING * * *
You feel sick.
You aren't carrying any potions.
* * * LOW HITPOINT WARNING * * *
You feel sick.
A ball python comes into view.
* * * LOW HITPOINT WARNING * * *
You feel sick.
* * * LOW HITPOINT WARNING * * *
You feel sick.
* * * LOW HITPOINT WARNING * * *
You feel sick.
You see here 3 tomahawks.
* * * LOW HITPOINT WARNING * * *
You feel sick.
* * * LOW HITPOINT WARNING * * *
You feel sick.
You die...

#..######
#.......##
.........#
..#####..#
..# #..# ..#
#..# ..# #.##
#.## ###
####### ##.#
#@....# #.##
#.###.# .##
#.. #(# ..##
#S#####.#
.#.#
........#
.###
###########.#
...#
#......†..#.#
...#
#.###.#.#.#.#
.#.# #.#.#
#.#


There were no monsters in sight!

Vanquished Creatures
  An adder (D:2)
  A worm (D:2)
  A giant gecko (D:1)
  10 hobgoblins
  2 jackals (D:2)
  A quokka (D:2)
  A giant newt (D:1)
  4 goblins (D:1)
  A kobold (D:1)
  2 rats (D:1)
24 creatures vanquished.

Notes
Turn   | Place    | Note
--------------------------------------------------------------
     0 | Abyss:1  | Geeful the Demonspawn Abyssal Knight began the quest for the Orb.
     0 | Abyss:1  | Reached XP level 1. HP: 18/18 MP: 2/2
   233 | Abyss:1  | Noticed a small abomination
   259 | Abyss:2  | Noticed a large abomination
   261 | Abyss:2  | Noticed an insubstantial wisp
   261 | Abyss:2  | Noticed an insubstantial wisp
   263 | Abyss:2  | Noticed an insubstantial wisp
   264 | Abyss:2  | Noticed an insubstantial wisp
   265 | Abyss:2  | Noticed an insubstantial wisp
   265 | D:1      | Escaped the Abyss
   464 | D:1      | Reached skill level 1 in Dodging
   470 | D:1      | Found a shimmering altar of Xom.
   545 | D:1      | Gained mutation: You have sharp toenails. [demonic ancestry]
   545 | D:1      | Reached XP level 2. HP: 24/24 MP: 3/3
   556 | D:1      | Acquired Lugonu's first power
   556 | D:1      | Reached skill level 1 in Stealth
  1390 | D:2      | Reached XP level 3. HP: 29/29 MP: 4/4
  1430 | D:2      | HP: 1/29 [poisoned by an adder]
  1433 | D:2      | Succumbed to an adder's poison

Vault maps used:
D:1:      roderic_crop_circles_arrival_small, xom_teletrap_fun
D:2:      mumra_celtic_spiral_tile, uniq_sigmund
Abyss:1:  guppyfry_abyss_exit_spiral_guarded

Action                   || total
-------------------------++-------
Melee: Short sword       ||    75
Throw: Tomahawk          ||     4
Invok: Depart the Abyss  ||     1
  Use: Potion            ||     2
       Scroll            ||     3
 Stab: Sleeping          ||     5
  Eat: Chunk             ||     2
